 Dungeon Crawl Stone Soup version 0.22.1-1-ga44c0e5 (webtiles) character file.

6640 MalarOregon the Cruncher (level 10, -2/94 HPs)
             Began as a Minotaur Gladiator on Sept 24, 2018.
             Was a Believer of Wu Jian.
             Slain by a two-headed ogre
             ... wielding a +0 giant club
              (11 damage)
             ... on level 9 of the Dungeon.
             The game lasted 00:17:06 (7042 turns).

MalarOregon the Cruncher (Minotaur Gladiator)       Turns: 7042, Time: 00:17:07

Health: -2/94      AC: 17    Str: 18    XL:     10   Next: 72%
Magic:  11/11      EV: 13    Int:  8    God:    Wu Jian [**....]
Gold:   482        SH:  0    Dex: 13    Spells: 9/9 levels left

rFire    . . .     SeeInvis +   a - +0 quarterstaff
rCold    . . .     Gourm    .   (shield currently unavailable)
rNeg     . . .     Faith    .   f - +2 scale mail of Ungof {rPois SInv}
rPois    +         Spirit   .   c - +2 hat
rElec    .         Reflect  .   i - +1 cloak
rCorr    .         Harm     .   M - +0 pair of gloves
MR       .....                  k - +1 pair of boots
Stlth    ..........             w - amulet of rage
HPRegen  0.25/turn              (no ring)
MPRegen  0.12/turn              (no ring)

@: no status effects
A: retaliatory headbutt, horns 2
a: Wall Jump, Renounce Religion, Evoke Berserk Rage


You were on level 9 of the Dungeon.
You worshipped Wu Jian.
Wu Jian was pleased with you.
You were hungry.

You visited 2 branches of the dungeon, and saw 10 of its levels.

You collected 482 gold pieces.

Inventory:

Hand Weapons
 a - a +0 quarterstaff (weapon)
 b - a +1 blowgun
   (You took it off a kobold on level 3 of the Dungeon)
Missiles
 d - 4 throwing nets {!f}
 o - 6 needles of confusion
 y - 4 steel javelins (quivered)
 A - 29 poisoned needles
 C - 12 tomahawks
Armour
 c - a +2 hat (worn)
 f - the +2 scale mail of Ungof (worn) {rPois SInv}
   (You found it on level 5 of the Dungeon)

   It protects you from poison.
   It lets you see invisible.
 g - a scarf of repulsion
   (You found it on level 2 of the Dungeon)
 i - a +1 cloak (worn)
   (You found it on level 6 of the Dungeon)
 k - a +1 pair of boots (worn)
   (You found it on level 1 of the Dungeon)
 u - a +0 large shield
   (You found it on level 2 of the Dungeon)
 M - a +0 pair of gloves (worn)
   (You found it on level 9 of the Dungeon)
Jewellery
 p - an uncursed ring of ice
   (You found it on level 2 of the Dungeon)
 w - an amulet of rage (around neck)
   (You found it on level 5 of the Dungeon)
 z - an uncursed ring of see invisible
   (You found it on level 3 of the Dungeon)
 L - a +2 ring of evasion {unknown}
   (You found it on level 9 of the Dungeon)
Wands
 t - a wand of flame (25)
   (You found it on level 8 of the Dungeon)
 x - a wand of acid (2)
   (You found it on level 8 of the Dungeon)
Scrolls
 l - 6 scrolls of teleportation {@r4}
 m - 4 scrolls of identify {@r1}
 n - 2 scrolls of magic mapping {unknown}
 q - a scroll of amnesia
 r - 3 scrolls of remove curse {@r2}
 v - 2 scrolls of fog
 G - a scroll of acquirement {unknown}
 H - a scroll of vulnerability {unknown}
 I - a scroll of enchant armour
Potions
 h - 6 potions of curing {@q1}
 j - 5 potions of heal wounds {@q2}
 s - 3 potions of agility
 B - a potion of mutation {unknown}
 D - 3 potions of haste {@q3}
 E - a potion of lignification {!q}
 J - 2 potions of degeneration {unknown}
 K - a potion of brilliance {unknown}
Comestibles
 e - 16 rations {!d}
 F - 4 chunks of flesh


   Skills:
 * Level 10.4 Fighting
 * Level 10.8 Staves
 + Level 6.2 Throwing
 + Level 6.9 Armour
 + Level 7.3 Dodging
 + Level 3.7 Evocations


You had 9 spell levels left.
You didn't know any spells.
Your spell library contained the following spells:

 Spells                   Type           Power        Failure   Level  Hunger
 Corona                   Hex            #......      77%         1    ##.....
 Sandblast                Erth           #.....       77%         1    ##.....
 Ensorcelled Hibernation  Hex/Ice        #.....       88%         2    ###....
 Passwall                 Tmut/Erth      #.......     88%         2    ###....
 Confuse                  Hex            #.......     98%         3    ####...
 Dazzling Spray           Conj/Hex       #.....       98%         3    ####...
 Stone Arrow              Conj/Erth      #.....       98%         3    ####...
 Tukima's Dance           Hex            #.......     98%         3    ####...
 Petrify                  Tmut/Erth      #.......     100%        4    #####..
 Lee's Rapid Deconstruct  Erth           #.........   100%        5    ######.


Dungeon Overview and Level Annotations

Branches:
Dungeon (9/15)             Temple (1/1) D:5            Lair (0/6) D:9
    Orc: D:9-12

Altars:
Ashenzari
Cheibriados
Dithmenos
Elyvilon
Fedhas
Gozag
Hepliaklqana
Kikubaaqudgha
Makhleb
Nemelex Xobeh
Okawaru
Qazlal
Ru
Sif Muna
Trog
Uskayaw
Vehumet
Wu Jian
Xom
Yredelemnul
Zin
The Shining One

Shops:
D:6 *   D:7 %


Innate Abilities, Weirdness & Mutations

You reflexively headbutt those who attack you in melee.
You have a pair of horns on your head.


Message History

You sock the orc warrior! You headbutt the orc warrior.
You kill the orc warrior!
The Council accepts your kill.
You lunge at the phantom, in a flurry of attacks.
You bludgeon the phantom!! You headbutt the phantom! You sock the phantom!
You destroy the phantom!
The Council accepts your kill. The orc closely misses you.
You furiously retaliate!
You headbutt the orc!
You kill the orc!
The Council accepts your kill.
Things that are here:
a war axe; a plate armour; an orc corpse You lunge at the two-headed ogre, in a flurry of attacks.
You hit the two-headed ogre.
You hit the two-headed ogre but do no damage.
You headbutt the two-headed ogre!
The two-headed ogre hits you with a giant club!!
The two-headed ogre hits you with a giant spiked club.
You barely miss the two-headed ogre. You headbutt the two-headed ogre.
You hit the two-headed ogre.
The two-headed ogre hits you with a giant club!!
* * * LOW HITPOINT WARNING * * *
The two-headed ogre hits you with a giant spiked club.
* * * LOW HITPOINT WARNING * * *
Things that are here:
a war axe; a plate armour; an orc corpse
Things that are here:
a dagger of venom; a robe
b - a +1 blowgun (weapon)
Firing (i - inventory. (/) - cycle)
A - 31 poisoned needles (quivered)
Aim: a two-headed ogre, wielding a giant club and a giant spiked club You shoot a poisoned needle.
The poisoned needle hits the two-headed ogre!
The two-headed ogre is poisoned.
The two-headed ogre looks more healthy.
You see here a hat.
The two-headed ogre hits you with a giant club.
* * * LOW HITPOINT WARNING * * *
The two-headed ogre hits you with a giant spiked club!
* * * LOW HITPOINT WARNING * * *
Firing (i - inventory. (/) - cycle)
A - 30 poisoned needles (quivered)
Aim: a two-headed ogre, wielding a giant club and a giant spiked club (lightly You shoot a poisoned needle.
The poisoned needle closely misses the two-headed ogre.
a - a +0 quarterstaff (weapon)
You sock the two-headed ogre!
The two-headed ogre hits you with a giant club!!
* * * LOW HITPOINT WARNING * * *
The two-headed ogre hits you with a giant spiked club!
You die...

.....#.....[.....#
####.#...#######.#
#.#...#######.##
#..............#########
#.....#######).........#
#..#.## #.########.#
#....# #.# #.# ##...#
#.# #.# ###.# #@# #.#
#.###### #O########.#
#......###.##......(#
#..###.##...#.####.##
#..# #.........###.## .
#..###..[...........# #.
#......##.###..###..#
#..###..#.####.# ##.#
#..# #...............
#.# #[.#


You could see a two-headed ogre.

Vanquished Creatures
  Harold (D:6)
  A two-headed ogre (D:9)
  Pikel (D:8)
  The ghost of Ghost6211 the Shield-Bearer, a novice HOFi (D:4)
  The ghost of bmj180 the Poker, a novice HuFi of Okawaru (D:4)
  A hippogriff (D:8)
  A hungry ghost (D:9)
  Menkaure (D:7)
  2 water moccasins
  Duvessa (D:7)
  An orc warrior (D:9)
  2 sky beasts
  2 phantoms
  4 ice beasts
  7 ogres
  3 centaurs
  2 big kobolds (D:8)
  3 bullfrogs
  Dowan (D:7)
  3 scorpions (D:7)
  4 wights (D:6)
  2 howler monkeys (D:6)
  3 crimson imps
  A jelly (D:6)
  A quasit (D:7)
  A bullfrog zombie (D:6)
  2 hounds
  2 centaur skeletons
  3 orc priests
  A gnoll shaman (D:6)
  2 iguanas
  Natasha (thrice) (D:2)
  9 orc wizards
  2 worker ants
  2 hound skeletons
  3 worker ant zombies
  11 gnolls
  6 adders
  An ooze (D:5)
  2 dart slugs
  A leopard gecko (D:4)
  26 orcs
  8 bats
  3 giant cockroaches
  7 goblins
  4 hobgoblins
  11 jackals
  5 quokkas
  2 ball pythons
  5 frilled lizards
  15 kobolds
  11 rats
198 creatures vanquished.

Vanquished Creatures (others)
  A slave (D:8)
  A big kobold (D:8)
  A kobold (D:8)
  A withered plant (D:4)
4 creatures vanquished.

Grand Total: 202 creatures vanquished

Notes
Turn   | Place    | Note
-------+----------+-------------------------------------------
     0 | D:1      | MalarOregon the Minotaur Gladiator began the quest for the
                  | Orb.
     0 | D:1      | Reached XP level 1. HP: 18/18 MP: 0/0
    84 | D:1      | Reached XP level 2. HP: 18/25 MP: 1/1
   320 | D:1      | Reached XP level 3. HP: 14/31 MP: 2/2
  1023 | D:2      | Reached skill level 1 in Armour
  1277 | D:2      | Reached XP level 4. HP: 24/38 MP: 3/3
  1444 | D:2      | Noticed Natasha
  1454 | D:2      | Killed Natasha
  1467 | D:2      | Noticed Natasha
  1473 | D:2      | Killed Natasha
  1771 | D:2      | Noticed Natasha
  1777 | D:2      | Killed Natasha
  1777 | D:2      | Reached XP level 5. HP: 31/46 MP: 4/4
  1819 | D:2      | Reached skill level 5 in Staves
  2756 | D:3      | Found a sparkling altar of Nemelex Xobeh.
  2827 | D:4      | Reached XP level 6. HP: 52/53 MP: 5/5
  2966 | D:4      | Found a runed gate.
  2967 | D:4      | Found a runed gate.
  2968 | D:4      | Found a runed gate.
  2969 | D:4      | Noticed Ghost6211's ghost (novice HOFi)
  2970 | D:4      | Noticed bmj180's ghost (novice HuFi)
  3209 | D:4      | Killed Ghost6211's ghost
  3209 | D:4      | Reached skill level 5 in Fighting
  3209 | D:4      | Reached XP level 7. HP: 8/61 MP: 6/6
  3256 | D:5      | Entered Level 5 of the Dungeon
  3489 | D:4      | Killed bmj180's ghost
  3489 | D:4      | Reached skill level 5 in Dodging
  3572 | D:5      | Got a transparent scale mail
  3583 | D:5      | Identified the +2 scale mail of Ungof {rPois SInv} (You
                  | found it on level 5 of the Dungeon)
  3604 | D:5      | Reached XP level 8. HP: 71/71 MP: 7/7
  3957 | D:5      | Found a staircase to the Ecumenical Temple.
  4295 | D:5      | Found a sparkling altar of Nemelex Xobeh.
  4345 | Temple   | Entered the Ecumenical Temple
  4614 | Temple   | Became a worshipper of the Wu Jian Council
  4922 | D:6      | Reached skill level 1 in Evocations
  4922 | D:6      | Reached XP level 9. HP: 81/81 MP: 8/8
  4928 | D:6      | Reached skill level 5 in Armour
  4958 | D:6      | Found Gozag's Platinum Reserve.
  4973 | D:6      | Reached * piety under Wu Jian
  5195 | D:6      | Found an opulent altar of Gozag.
  5273 | D:7      | Found Ydiatey's Food Shoppe.
  5300 | D:7      | Reached skill level 5 in Throwing
  5416 | D:7      | Noticed Duvessa
  5418 | D:7      | Noticed Harold
  5425 | D:7      | Noticed Dowan
  5488 | D:6      | Killed Harold
  5488 | D:6      | Reached XP level 10. HP: 34/91 MP: 9/11
  5783 | D:7      | Killed Duvessa
  5798 | D:7      | Killed Dowan
  5798 | D:7      | Reached skill level 10 in Staves
  5937 | D:7      | Noticed Menkaure
  5944 | D:7      | Killed Menkaure
  6215 | D:8      | Noticed Pikel
  6228 | D:8      | Killed Pikel
  6417 | D:8      | Reached ** piety under Wu Jian
  6520 | D:8      | Found a sacrificial altar of Ru.
  6615 | D:8      | Reached skill level 10 in Fighting
  6819 | D:9      | Found a staircase to the Lair.
  6913 | D:9      | Noticed a two-headed ogre
  6923 | D:9      | Killed a two-headed ogre
  6972 | D:9      | Noticed a two-headed ogre
  7042 | D:9      | Slain by a two-headed ogre

Skill      XL: |  1  2  3  4  5  6  7  8  9 10 |
---------------+-------------------------------+-----
Staves         | 4 5 6 7 8 9 10 | 10.8
Fighting       | 3 4 5 6 7 9 10 | 10.4
Armour         | 1 2 3 4 6 |  6.9
Dodging        | 4 5 6 7 |  7.3
Throwing       | 3 4 5 6 |  6.2
Evocations     | 1 2 3 |  3.7

Action                   |  1- 3 |  4- 6 |  7- 9 | 10-12 || total
-------------------------+-------+-------+-------+-------++-------
Melee: Quarterstaff      |    87 |   129 |   243 |   183 ||   642
       Headbutt          |    14 |    27 |    53 |    42 ||   136
 Fire: Blowgun           |       |       |       |     2 ||     2
Invok: Lunge             |       |       |    11 |    12 ||    23
 Abil: Evoke Berserk Rag |       |       |     1 |       ||     1
  Use: Scroll            |       |       |    15 |       ||    15
  Eat: Chunk             |     1 |     6 |     5 |     7 ||    19
       Ration            |       |       |     1 |       ||     1
Armor: Leather armour    |    26 |    26 |     3 |       ||    55
       Scale mail        |       |       |    89 |    68 ||   157
Dodge: Dodged            |    65 |    84 |   148 |   100 ||   397
       Deflected         |       |     1 |     5 |       ||     6
